 Dungeon Crawl Stone Soup version 0.29-a0-1008-g949cc1d0fb (webtiles) character file.

Game seed: 7190952319547467721

3903 Mesmaeker13 the Martial Artist (level 10, -3/58 HPs)
             Began as an Octopode Transmuter on Aug 7, 2022.
             Was an Initiate of Ashenzari.
             Killed from afar by Maggie (8 damage)
             ... with a bolt of fire
             ... on level 8 of the Dungeon.
             The game lasted 00:17:14 (9899 turns).

Mesmaeker13 the Martial Artist (OpTm)               Turns: 9899, Time: 00:17:15

Health: -3/58      AC:  2    Str: 15    XL:     10   Next: 20%
Magic:  2/14       EV: 19    Int: 23    God:    Ashenzari [......]
Gold:   455        SH:  0    Dex: 17    Spells: 0/15 levels left

rFire   . . .      SeeInvis .     - Unarmed
rCold   + . .      Faith    .   (shield currently unavailable)
rNeg    + . .      Spirit   .   (helmet currently unavailable)
rPois   x          Reflect  .   (no amulet)
rElec   .          Harm     .   k - ring "Giaptann" {Will+ rCorr Str+5 Int+3}
rCorr   +          Rampage  .   j - ring of protection from cold
Will    +....                   B - ring of positive energy
Stlth   ++........              (no ring)
HPRegen 0.19/turn               (no ring)
MPRegen 0.14/turn               (no ring)
                                (no ring)
                                (no ring)

@: spider-form, mesmerised
A: venomous fangs, almost no armour, (amphibious), 8 rings, tiny, (camouflage
1), (gelatinous body 1), (nimble swimmer 1), (tentacles)
a: End Transformation, Renounce Religion, Curse Item


You were on level 8 of the Dungeon.
You worshipped Ashenzari.
Ashenzari was noncommittal.
You were a venomous arachnid creature.
You visited 2 branches of the dungeon, and saw 9 of its levels.

You collected 455 gold pieces.

Inventory:

Missiles
 x - a throwing net (quivered)
Jewellery
 j - a ring of protection from cold (right front leg)
 k - the ring "Giaptann" (left front leg) {Will+ rCorr Str+5 Int+3}
   (You found it on level 2 of the Dungeon)

   [ring of willpower]

   Str:       It affects your strength (+5).
   Int:       It affects your intelligence (+3).
   rCorr:     It protects you from acid and corrosion.
   Will:      It increases your willpower.
 B - a ring of positive energy (on tentacle)
Wands
 p - a wand of iceblast (4)
Scrolls
 b - 3 scrolls of immolation
 c - a scroll of fear {unknown}
 d - a scroll of enchant armour
 f - a scroll of acquirement {unknown}
 g - 2 scrolls of poison
 h - a scroll of torment {unknown}
 i - 2 scrolls of vulnerability
 l - 5 scrolls of enchant weapon
 o - 3 scrolls of amnesia
 t - a scroll of teleportation
 w - a scroll of blinking {unknown}
 y - a scroll of magic mapping {unknown}
 z - a scroll of silence {unknown}
 C - 2 scrolls of butterflies {unknown}
 D - a scroll of noise
Potions
 a - a potion of lignification
 e - 3 potions of curing
 m - 2 potions of magic
 n - 2 potions of brilliance {unknown}
 q - 2 potions of haste
 r - a potion of cancellation
 s - 2 potions of heal wounds
 v - a potion of might {unknown}
 A - a potion of attraction {unknown}
 E - a potion of mutation {unknown}


   Skills:
 - Level 1.0 Fighting
 - Level 2.0 Dodging
 + Level 8.9 Unarmed Combat
 - Level 3.1 Spellcasting
 + Level 8.5 Transmutations
 + Level 7.7 Ice Magic
 + Level 1.3 Poison Magic


You couldn't memorise any spells.
You knew the following spells:

 Your Spells              Type           Power      Damage    Failure   Level
a - Beastly Appendage     Tmut           84%        N/A       3%          1
b - Wereblood             Tmut           42%        N/A       3%          2
c - Spider Form           Tmut/Pois      26%        N/A       14%         3
d - Ice Form              Ice/Tmut       41%        N/A       13%         4
e - Alistair's Intoxicat  Tmut/Pois      17%        N/A       61%         5

Your spell library contained the following spells:

 Spells                   Type           Power      Damage    Failure   Level
 Blade Hands              Tmut           21%        N/A       24%         5
 Apportation              Tloc           6%         N/A       28%         1
 Necrotise                Necr           12%        1d4       28%         1
 Summon Small Mammal      Summ           12%        N/A       28%         1
 Poisonous Vapours        Pois/Air       12%        N/A       30%         2
 Portal Projectile        Hex/Tloc       6%         N/A       56%         3
 Tukima's Dance           Hex            3%         N/A       56%         3
 Vampiric Draining        Necr           3%         2d6       56%         3
 Agony                    Necr           3%         N/A       99%         5
 Lightning Bolt           Conj/Air       1%         1d12      99%         5


Dungeon Overview and Level Annotations

Branches:
Dungeon (8/15)             Temple (1/1) D:6
   Lair: D:8-11

Altars:
Ashenzari
Dithmenos
Elyvilon
Fedhas
Hepliaklqana
Kikubaaqudgha
Makhleb
Okawaru
Trog
Xom
Zin
The Shining One

Annotations:
D:6 3 runed translucent doors, danilk0ff's ghost, amateur HOFi
D:8 Maggie


Innate Abilities, Weirdness & Mutations

You are a venomous arachnid creature.
You have poisonous fangs.
You are tiny and dextrous.
Your spellcasting is less reliable in this form.
Your armour is entirely melded.
You are incapable of wielding weapons or throwing items.
You cannot wear most types of armour.
((You are amphibious.))
You can wear up to eight rings at the same time.
((Your skin changes colour to match your surroundings (Stealth+).))
((Your rubbery body absorbs attacks. (AC +1, EV +1)))
((You are camouflaged when in or above water. (Stealth+)))
((You have tentacles for arms and can constrict up to eight enemies at once.))


Message History

Casting: Beastly Appendage (safe; 1% risk of failure)
Confirm with . or Enter, or press ? or * to list all spells.
Your tentacle spike disappears.
You turn into a venomous arachnid creature.
Maggie struggles against the net.
Aiming: Iceblast
Press: ? - help, Shift-Dir - straight line, f/p - Maggie
Aim: Maggie, wielding a +0 halberd and wearing +0 steam dragon scales (lightly wounded, entangled in a net, covered in acid)
The mass of ice explodes!
The iceblast engulfs Maggie!
Maggie is heavily wounded.
Maggie casts a spell.
Maggie attempts to bespell you!
You are mesmerised by Maggie!
Maggie struggles against the net.
You bite Maggie!
Maggie is poisoned.
Maggie is heavily wounded.
Maggie drinks a potion.
Maggie is healed!
Maggie struggles against the net.
The net rips apart, and Maggie comes free!
You bite Maggie!
Maggie looks as sick as possible!
Maggie is heavily wounded.
You bite Maggie!
Maggie looks as sick as possible!
Maggie is heavily wounded.
Maggie misses you.
You hit Maggie.
Maggie looks as sick as possible!
Maggie is severely wounded.
Maggie points at you and mumbles some strange words.
The bolt of fire hits you!
* * * LOW HITPOINT WARNING * * *
Your magical contamination has completely faded away.
Unknown command.
You hit Maggie.
Maggie looks as sick as possible!
Maggie is severely wounded.
Maggie drinks a potion.
Maggie is healed!
You hit Maggie but do no damage.
Maggie is heavily wounded.
You bite Maggie!
Maggie is severely wounded.
Maggie gestures at you while chanting. The bolt of fire hits you!
You die...

#......^##..##.......
#.......>'...'.......
#.......)#..##..##..#
##..##..##..##..##..#
######.)##'###...#...
#........#......>#...
#...##..##.......#...
#...##..##.......#...
#...s@......##..##.##
##..##......##..##.##
#####..##..##.....#.
....<....##..##.....#.
.....@...# ........#.
......#..# ........'.
.##..)#### .###'##.##
###. #'## . #...


You could see Maggie (mesmerising, extremely poisoned, corroded).

Vanquished Creatures
  2 wyverns (D:7)
  A steam dragon (D:8)
  Menkaure (D:4)
  3 water moccasins
  Duvessa (D:5)
  An ice beast (D:6)
  An orc warrior (D:6)
  2 sky beasts (D:6)
  A centaur (D:7)
  A kobold brigand (D:7)
  4 bullfrogs
  2 gnoll sergeants (D:6)
  4 scorpions (D:6)
  5 wights (D:7)
  Dowan (D:5)
  6 killer bees (D:6)
  A howler monkey (D:6)
  A jelly (D:5)
  4 hounds
  4 orc priests
  Crazy Yiuf (D:5)
  2 gnoll boudas
  4 iguanas
  10 orc wizards
  Robin (D:4)
  26 gnolls
  10 adders
  2 white imps (D:7)
  An ufetubus (D:6)
  A worm (D:2)
  3 dart slugs
  19 orcs
  5 ball pythons
  9 bats
  7 endoplasms
  3 giant cockroaches
  12 hobgoblins
  10 kobolds
  7 quokkas
  A frilled lizard (D:2)
  14 goblins
  4 rats
198 creatures vanquished.

Notes
Turn   | Place    | Note
-------+----------+-------------------------------------------
     0 | D:1      | Mesmaeker13 the Octopode Transmuter began the quest for the
                  | Orb.
     0 | D:1      | Reached XP level 1. HP: 13/13 MP: 3/3
    86 | D:1      | Reached XP level 2. HP: 18/18 MP: 3/5
   183 | D:1      | Found a faded altar of an unknown god.
   626 | D:1      | Reached XP level 3. HP: 22/23 MP: 4/6
   632 | D:1      | Learned a level 2 spell: Wereblood
  1337 | D:2      | Learned a level 3 spell: Spider Form
  1394 | D:2      | Reached XP level 4. HP: 23/28 MP: 8/8
  1697 | D:2      | Identified the ring "Giaptann" {Will+ rCorr Str+5 Int+3}
  1891 | D:2      | Got the Opusculum on Venin and Ozone
  2898 | D:3      | Reached XP level 5. HP: 31/33 MP: 7/9
  2903 | D:3      | Learned a level 4 spell: Ice Form
  3200 | D:4      | Reached skill level 1 in Ice Magic
  3543 | D:4      | Noticed Robin
  3590 | D:4      | Reached XP level 6. HP: 26/38 MP: 7/10
  3764 | D:4      | Killed Robin
  3964 | D:4      | Noticed Menkaure
  3969 | D:4      | Killed Menkaure
  4255 | D:4      | Found an ancient bone altar of Kikubaaqudgha.
  4532 | D:5      | Entered Level 5 of the Dungeon
  4605 | D:5      | Reached skill level 5 in Unarmed Combat
  4698 | D:5      | Noticed Duvessa
  4714 | D:5      | Noticed Dowan
  4718 | D:5      | Killed Duvessa
  4719 | D:5      | Reached XP level 7. HP: 24/43 MP: 6/11
  4723 | D:5      | Killed Dowan
  4984 | D:5      | Reached skill level 5 in Transmutations
  5478 | D:5      | Found a runed translucent door.
  5479 | D:5      | Noticed Crazy Yiuf
  5535 | D:5      | Killed Crazy Yiuf
  6034 | D:6      | Reached XP level 8. HP: 41/48 MP: 8/12
  6522 | D:6      | Reached skill level 5 in Ice Magic
  6890 | D:6      | Reached XP level 9. HP: 42/53 MP: 5/13
  7244 | D:6      | Found a runed translucent gate.
  7245 | D:6      | Found a runed translucent gate.
  7245 | D:6      | Found a runed translucent gate.
  7245 | D:6      | Noticed danilk0ff's ghost (amateur HOFi)
  7605 | D:6      | Found a shadowy altar of Dithmenos.
  7760 | D:6      | Found a staircase to the Ecumenical Temple.
  7766 | Temple   | Entered the Ecumenical Temple
  7775 | Temple   | Became a worshipper of Ashenzari the Shackled
  8311 | D:7      | Found an iron altar of Okawaru.
  8849 | D:7      | Reached XP level 10. HP: 58/58 MP: 7/14
  9309 | D:8      | Noticed Maggie
  9357 | D:8      | Learned a level 5 spell: Alistair's Intoxication
  9608 | D:8      | Reached skill level 1 in Poison Magic
  9815 | D:8      | Identified the +0 chain mail of the Bard {rPois Str+3 Int+7
                  | Dex-2}
  9899 | D:8      | Killed from afar by Maggie

Illustrated notes

Levels and vault maps discovered:
D:1:      shiori_shiawase, layout_basic, hellmonk_ecumenical_altar_prayer_group,
          minmay_stone_trees_small
D:2:      layout_loops_ring, patterned_corridor
D:3:      layout_basic
D:4:      layout_cave_pods, general_overflow_altar, uniq_menkaure, uniq_robin
D:5:      layout_loops_ring, serial_glass, glass_columns_c, glass_columns_a,
          uniq_duvessa, uniq_crazy_yiuf_cottage
D:6:      layout_loops_ring, nicolae_dithmenos_through_a_glass_darkly,
          minmay_temple_entry_enclosed_plants, ebering_ghost_rock_garden
D:7:      layout_basic, kennysheep_mini_moat
D:8:      layout_gridville, ebering_ghost_reflecting_pool, uniq_maggie
Temple:   eino_narrow_crystal_temple

Skill      XL: |  1  2  3  4  5  6  7  8  9 10 |
---------------+-------------------------------+-----
Transmutations | 3 4 5 6 8 |  8.5
Spellcasting   | 3 |  3.1
Unarmed Combat | 4 5 7 8 |  8.9
Ice Magic      | 1 2 3 5 7 |  7.7
Poison Magic   | 1 |  1.3
Fighting       | |  1.0
Dodging        | |  2.0

Action                   |  1- 3 |  4- 6 |  7- 9 | 10-12 || total
-------------------------+-------+-------+-------+-------++-------
Melee: Unarmed           |    52 |   140 |   231 |    52 ||   475
       Kick              |    15 |    29 |     3 |       ||    47
       Constrict         |    19 |    34 |     7 |       ||    60
       Tentacles         |    13 |    20 |     4 |       ||    37
       Punch             |     1 |     2 |     1 |       ||     4
Throw: Throwing net      |       |       |       |     1 ||     1
 Cast: Beastly Appendage |    20 |    37 |     4 |     1 ||    62
       Spider Form       |       |     5 |     6 |     3 ||    14
       Wereblood         |       |     2 |    11 |     2 ||    15
       Ice Form          |       |     1 |    20 |     5 ||    26
       Alistair's Intoxi |       |       |       |     1 ||     1
Evoke: Wand              |       |     5 |     5 |     2 ||    12
  Use: Scroll            |       |     7 |     6 |     1 ||    14
       Potion            |       |       |     4 |     1 ||     5
 Stab: Sleeping          |       |     5 |     2 |       ||     7
Armor: Skin              |     3 |    12 |    54 |    14 ||    83
Dodge: Dodged            |    34 |    77 |   106 |    30 ||   247

Table legend: (Time is in decaauts)
 A = Elapsed time spent in this place.
 B = Non-inter-level travel time spent in this place.
 C = Inter-level travel time spent in this place.
 D = Time resting spent in this place.
 E = Time spent auto-exploring this place.
 F = Levels seen in this place.
 G = Mean time per level.
                   A        B        C        D        E       F      G
               +--------+--------+--------+--------+--------+-----+--------+
         Total |   9847 |   9501 |    346 |   1430 |   6355 |   9 | 1094.1 |
       Dungeon |   9830 |   9491 |    339 |   1430 |   6355 |   8 | 1228.8 |
        Temple |     17 |     10 |      7 |      0 |      0 |   1 |   17.0 |
               +--------+--------+--------+--------+--------+-----+--------+

Top non-repeatable levels by time:
     D:6: 1960 daAuts
     D:4: 1399 daAuts
     D:7: 1348 daAuts
     D:1: 1324 daAuts
     D:5: 1196 daAuts
     D:2: 1139 daAuts
     D:3: 909 daAuts
     D:8: 552 daAuts
  Temple: 17 daAuts
